 Dungeon Crawl Stone Soup version 0.32-a0-86-g8db1b9f803 (webtiles) character file.

Game seed: 16013608760575096515

19532 Newt the Fighter (level 12, -1/84 HPs)
             Began as a Gargoyle Fighter on Feb 5, 2024.
             Was an Initiate of Gozag.
             Slain by a lindwurm (17 damage)
             ... summoned by Kirke
             ... on level 12 of the Dungeon.
             The game lasted 00:18:05 (11080 turns).

Newt the Fighter (Gargoyle Fighter)                Turns: 11080, Time: 00:18:05

Health: -1/84      AC:  0    Str: 24    XL:     12   Next: 70%
Magic:  12/12      EV: 15    Int: 13    God:    Gozag
Gold:   2411       SH:  0    Dex:  8    Spells: 11/11 levels left

rFire   . . .        d - melded +5 flail (heavy)
rCold   . . .        c - melded +0 buckler
rNeg    + . .        A - melded +1 chain mail {rN+}
rPois   ∞            y - melded +0 helmet
rElec   .            i - melded +0 cloak
rCorr   .            L - melded +2 pair of gloves
SInv    .            q - melded +1 pair of boots
Will    .....        r - amulet of regeneration
Stlth   +            n - melded ring of see invisible
HPRegen 1.14/turn    B - melded +4 ring of slaying
MPRegen 0.13/turn

%: no passive effects
@: about to teleport, pig-form, slowed, studying Dodging
A: fast, no casting, sickness immunity, AC +8, small, negative energy resistance
1, (electricity resistance), torment resistance 1, petrification resistance,
(iridescent scales 1), clever 1, inability to read after injury 1
a: Renounce Religion, Potion Petition, Call Merchant, Bribe Branch


You were on level 12 of the Dungeon.
You worshipped Gozag.
Gozag was most pleased with you.
You were a filthy swine.
You visited 2 branches of the dungeon, and saw 13 of its levels.
You visited the Abyss 1 time.

You collected 2684 gold pieces.
You spent 189 gold pieces at shops.
You paid 84 gold pieces to Gozag.

Inventory:

Hand Weapons
 a - a +0 flail
 d - a +5 heavy flail (melded)
Missiles
 C - 18 poisoned darts (quivered)
 Q - 4 boomerangs
Armour
 b - a +0 scale mail
 c - a +0 buckler (melded)
 i - a +0 cloak (melded)
 q - a +1 pair of boots (melded)
 y - a +0 helmet (melded)
 A - a +1 chain mail of positive energy (melded)
 J - the +4 robe of Folly {Brill Will-∞ Int+8}
   (You took it off a kobold demonologist on level 7 of the Dungeon)

   Brill:     It increases the power of your magical spells and halves their MP
   cost (rounding up).
   Will-∞: It reduces your willpower to zero.
   Int+8:     It affects your intelligence (+8).
 L - a +2 pair of gloves (melded)
Jewellery
 n - a ring of see invisible (melded)
 r - an amulet of regeneration (around neck)
 B - a +4 ring of slaying (melded)
 E - a ring of protection from cold
 H - an amulet of magic regeneration
 I - an amulet of reflection
Wands
 l - a wand of flame (11)
 t - a wand of iceblast (18)
 R - a wand of paralysis (4)
Scrolls
 k - 2 scrolls of identify
 m - 2 scrolls of teleportation
 u - 4 scrolls of fog
 v - a scroll of immolation
 x - 2 scrolls of brand weapon
 z - 2 scrolls of poison
 D - a scroll of vulnerability
 G - a scroll of revelation
 K - a scroll of amnesia
 N - a scroll of enchant armour
 O - a scroll of noise {unknown}
Potions
 e - a potion of mutation
 f - 3 potions of curing
 g - a potion of resistance {unknown}
 h - 2 potions of attraction
 j - 3 potions of degeneration
 o - 4 potions of brilliance
 p - 2 potions of lignification
 s - a potion of invisibility {unknown}
 w - 2 potions of ambrosia
 F - a potion of enlightenment
 M - 2 potions of heal wounds {unknown}


   Skills:
 + Level 13.5 Fighting
 - Level 9.0 Maces & Flails
 * Level 10.5 Armour
 - Level 6.4 Dodging
 - Level 3.2 Shields
 - Level 9.1 Evocations


You had 11 spell levels left.
You didn't know any spells.
Your spell library contained the following spells:

 Spells                   Type           Power      Damage    Failure   Level
 Summon Small Mammal      Summ           0%         N/A       30%         1
 Call Canine Familiar     Summ           0%         N/A       67%         3
 Dazzling Flash           Conj/Hex       0%         N/A       67%         3
 Mephitic Cloud           Conj/Alch/Air  0%         N/A       67%         3
 Summon Blazeheart Golem  Fire/Summ      0%         N/A       97%         4
 Vhi's Electric Charge    Tloc/Air       0%         N/A       97%         4
 Arcjolt                  Conj/Air       0%         1d10      100%        5
 Curse of Agony           Necr           0%         N/A       100%        5
 Metabolic Englaciation   Hex/Ice        0%         N/A       100%        5
 Silence                  Hex/Air        0%         N/A       100%        5
 Enfeeble                 Hex            0%         N/A       100%        7
 Maxwell's Capacitive Co  Air            0%         ∞         100%        8
 Summon Horrible Things   Summ           0%         N/A       100%        8


Dungeon Overview and Level Annotations

Branches:
Dungeon (12/15)            Temple (1/1) D:4            Lair (0/5) D:11
    Orc (0/2) D:10

Altars:
Ashenzari
Cheibriados
Dithmenos
Elyvilon
Gozag
Hepliaklqana
Kikubaaqudgha
Makhleb
Nemelex Xobeh
Qazlal
Ru
Sif Muna
Trog
Uskayaw
Vehumet
Wu Jian
Xom
Yredelemnul
Zin
The Shining One

Shops:
D:1 [

Annotations:
D:5 1 runed translucent door
D:6 1 runed translucent door, grandjackal's ghost, novice DsGl
D:11 3 runed translucent doors, exclusion: oklob plant, Quroapsa's ghost, novice MfGl
D:12 Kirke


Innate Abilities, Weirdness & Mutations

You are a filthy swine.
You move quickly.
Your equipment is almost entirely melded.
You are incapable of wielding weapons or throwing items.
You cannot cast spells.
You are immune to sickness and miasma.
((Your stone body is resilient. (AC +8)))
You are immune to poison.
You resist negative energy. (rN+)
((You are resistant to electric shocks. (rElec)))
You are resistant to unholy torment.
You are immune to petrification.
((You are partially covered in iridescent scales. (AC +2)))
Your mind is acute. (Int +4, Str/Dex -1)
You occasionally lose the ability to read scrolls when taking damage.


Message History

Kirke points at you and mumbles some strange words.
You struggle to resist.
You hit Kirke.
Kirke is severely wounded.
Kirke gestures at you while chanting.
You feel a momentary urge to oink.
You hit Kirke.
Kirke is severely wounded.
Kirke hits you with a +0 hand axe.
You hit Kirke.
Kirke is severely wounded.
Kirke casts a spell.
Kirke summons a lindwurm!
You hit Kirke.
Kirke is severely wounded.
Kirke casts a spell at you.
You feel as though you will be slow longer.
The lindwurm closely misses you. The lindwurm claws you. x2
You hit Kirke.
Kirke is severely wounded.
Kirke looks more healthy.
Kirke gestures at you while chanting.
You feel a momentary urge to oink. The lindwurm bites you!
The lindwurm claws you! The lindwurm claws you.
* * * LOW HITPOINT WARNING * * *
Kirke hits you with a +0 hand axe!
* * * LOW HITPOINT WARNING * * *
Okay, then.
Okay, then.
You are stuck in your current form!
As you read the scroll of teleportation, it crumbles to dust.
You feel strangely unstable. The lindwurm bites you.
* * * LOW HITPOINT WARNING * * *
The lindwurm closely misses you. The lindwurm claws you.
* * * LOW HITPOINT WARNING * * *
Kirke casts a spell.
Nothing appears to happen.
You feel better. The lindwurm bites you!
You die...
Your body crumbles into a pile of gold.

######...........# #
#...........# ###'#########
#. #..(.# ... ####h## [...
## #...(h# .....
.#######....h# ###......
.##....'....(######........
.##.####.....#H@hk).#......
.+..# #.)..hhh###### .h)..
.#### #.....### .... .#
#.....# ... ## ###'#.## @.
##...#..### . ##
#..####...## .#
#.##........ +####
#.##.≈≈≈≈##


You could see Kirke, a manticore (summoned), a lindwurm (summoned) and 3 hogs.

Vanquished Creatures
  3 two-headed ogres
  A boulder beetle (D:11)
  A skeletal warrior (D:10)
  Pikel (D:6)
  2 manticores
  A gargoyle (D:7)
  5 kobold demonologists
  Jeremiah (D:9)
  3 unseen horrors
  Psyche (D:9)
  A troll (D:7)
  A hornet (D:8)
  11 slime creatures
  A wraith (D:7)
  2 shadows
  A wyvern (D:9)
  2 hogs (D:12)
  14 yaks
  A basilisk (D:7)
  A steam dragon (D:8)
  A water moccasin (D:7)
  9 orc warriors
  4 ice beasts
  2 black bears
  2 ogres
  2 sky beasts
  8 centaurs
  A lemure (D:6)
  3 phantoms
  5 kobold brigands
  6 bullfrogs
  13 scorpions
  9 wights
  A howler monkey (D:7)
  5 killer bees (D:9)
  A bombardier beetle (D:4)
  5 hounds
  15 orc priests
  2 jellies
  4 iguanas
  4 sleepcaps
  22 orc wizards
  3 adders (D:4)
  A shadow imp (D:7)
  3 white imps
  3 ufetubi (D:7)
  A dart slug (D:3)
  2 ribbon worms
  47 orcs
  7 bats
  2 endoplasms (D:1)
  7 giant cockroaches
  7 goblins
  3 hobgoblins
  6 quokkas
  4 ball pythons
  2 frilled lizards
  20 kobolds
  6 rats
302 creatures vanquished.

Vanquished Creatures (collateral kills)
  An ancient zyme (Abyss:6)
  3 raiju (Abyss:6)
4 creatures vanquished.

Vanquished Creatures (others)
  A fire bat (Abyss:4)
  2 chaos spawn (Abyss:4)
  A starspawn tentacle (Abyss:6)
4 creatures vanquished.

Grand Total: 310 creatures vanquished

Notes
Turn   | Place    | Note
-------+----------+-------------------------------------------
     0 | D:1      | Newt the Gargoyle Fighter began the quest for the Orb.
     0 | D:1      | Reached XP level 1. HP: 14/14 MP: 1/1
   226 | D:1      | Reached XP level 2. HP: 19/19 MP: 2/2
   468 | D:1      | Found Lovidd's Armour Emporium.
   876 | D:1      | Reached XP level 3. HP: 24/24 MP: 3/3
  2088 | D:3      | Found a faded altar of an unknown god.
  2131 | D:3      | Reached skill level 4 in Fighting
  2151 | D:3      | Noticed an ogre
  2160 | D:3      | Killed an ogre
  2161 | D:3      | Reached XP level 4. HP: 26/30 MP: 4/4
  2161 | D:3      | Reached XP level 5. HP: 30/34 MP: 5/5
  2898 | D:3      | Found a faded altar of an unknown god.
  3004 | D:4      | Reached skill level 5 in Maces & Flails
  3018 | D:4      | Noticed a black bear
  3026 | D:4      | Noticed a centaur
  3028 | D:4      | Reached XP level 6. HP: 33/40 MP: 6/6
  3033 | D:5      | Entered Level 5 of the Dungeon
  3034 | D:5      | Gained mutation: You are partially covered in iridescent
                  | scales. (AC +2) [potion of mutation]
  3034 | D:5      | Gained mutation: You occasionally lose the ability to read
                  | scrolls when taking damage. [potion of mutation]
  3034 | D:5      | Gained mutation: Your mind is acute. (Int +4, Str/Dex -1)
                  | [potion of mutation]
  3038 | D:5      | Killed a black bear
  3039 | D:5      | Reached skill level 5 in Fighting
  3274 | D:4      | Found a staircase to the Ecumenical Temple.
  3302 | D:4      | Found a shimmering altar of Xom.
  3366 | Temple   | Entered the Ecumenical Temple
  3384 | Temple   | Became a worshipper of Gozag Ym Sagoz the Greedy
  3490 | D:4      | Reached XP level 7. HP: 44/44 MP: 7/7
  3707 | D:5      | Reached skill level 6 in Fighting
  3902 | D:5      | Reached skill level 5 in Armour
  4000 | D:5      | Reached XP level 8. HP: 40/52 MP: 8/8
  4231 | D:5      | Found a runed translucent door.
  4233 | D:5      | Found a runed translucent door.
  4302 | D:5      | Reached skill level 7 in Fighting
  4316 | D:5      | Reached skill level 1 in Evocations
  4466 | D:1      | Bought a +1 chain mail of positive energy for 189 gold
                  | pieces
  4673 | D:6      | Reached XP level 9. HP: 59/59 MP: 9/9
  4680 | D:6      | Reached skill level 8 in Fighting
  4723 | D:6      | Noticed a kobold demonologist
  4726 | D:6      | Noticed a smoke demon
  4728 | D:6      | Noticed a hellwing
  5365 | D:6      | Reached skill level 5 in Evocations
  5365 | D:6      | Noticed Pikel
  5384 | D:6      | Killed Pikel
  5385 | D:6      | Reached skill level 9 in Fighting
  5400 | D:6      | Found a runed translucent door.
  5400 | D:6      | Noticed grandjackal's ghost (novice DsGl)
  5430 | D:6      | Killed a kobold demonologist
  5873 | D:7      | Reached XP level 10. HP: 54/66 MP: 10/10
  6005 | D:7      | Reached skill level 10 in Fighting
  6128 | D:7      | Noticed a gargoyle
  6134 | D:7      | Killed a gargoyle
  6144 | D:7      | Noticed a kobold demonologist
  6149 | D:7      | Noticed a smoke demon
  6150 | D:7      | Noticed a rust devil
  6166 | D:7      | Killed a kobold demonologist
  6251 | D:7      | Got the Tome of the Eleven Wishes
  6368 | D:7      | Reached skill level 1 in Dodging
  6510 | D:7      | Found a radiant altar of Vehumet.
  6544 | D:7      | Found a sacrificial altar of Ru.
  6572 | D:7      | Found a burning altar of Makhleb.
  7009 | D:8      | Reached skill level 11 in Fighting
  7009 | D:8      | Reached XP level 11. HP: 70/74 MP: 11/11
  7018 | D:8      | Reached skill level 5 in Dodging
  7922 | D:9      | Noticed Jeremiah
  7965 | D:9      | Killed Jeremiah
  8006 | D:9      | Noticed Psyche
  8011 | Abyss:2  | Cast into level 2 of the Abyss (Psyche)
  8136 | Abyss:2  | Noticed a rakshasa
  8142 | Abyss:2  | Noticed a large abomination
  8144 | Abyss:2  | Noticed a thrashing horror
  8161 | Abyss:2  | Noticed a large abomination
  8162 | Abyss:2  | Noticed a thrashing horror
  8164 | Abyss:2  | Noticed a thrashing horror
  8166 | Abyss:3  | Found a corrupted altar of Lugonu.
  8167 | Abyss:3  | Found a corrupted altar of Lugonu.
  8181 | Abyss:3  | Noticed a wretched star
  8188 | Abyss:3  | Noticed a sun demon
  8254 | Abyss:6  | Noticed a wretched star
  8259 | D:9      | Escaped the Abyss
  8270 | D:9      | Killed Psyche
  8302 | D:9      | Reached skill level 12 in Fighting
  8450 | D:9      | Found a stormy altar of Qazlal.
  8458 | D:9      | Found an ornate altar of the Wu Jian Council.
  8543 | D:9      | Found an ornate altar of the Wu Jian Council.
  8680 | D:9      | Noticed a two-headed ogre
  8681 | D:9      | Found a shimmering altar of Xom.
  8691 | D:9      | Killed a two-headed ogre
  8725 | D:9      | Found a broken altar of Ashenzari.
  9162 | D:10     | Entered Level 10 of the Dungeon
  9192 | D:10     | Found a staircase to the Orcish Mines.
  9317 | D:10     | Noticed a two-headed ogre
  9323 | D:10     | Killed a two-headed ogre
  9324 | D:10     | Reached XP level 12. HP: 82/82 MP: 12/12
  9929 | D:10     | Found a glowing silver altar of Zin.
  9929 | D:10     | Noticed an angel
 10186 | D:11     | Noticed a two-headed ogre
 10197 | D:11     | Killed a two-headed ogre
 10239 | D:11     | Found a runed translucent gate.
 10239 | D:11     | Found a runed translucent gate.
 10240 | D:11     | Found a runed translucent gate.
 10244 | D:11     | Noticed Quroapsa's ghost (novice MfGl)
 10245 | D:11     | Noticed a minotaur
 10249 | D:11     | Reached skill level 13 in Fighting
 10414 | D:11     | Noticed a boulder beetle
 10427 | D:11     | Killed a boulder beetle
 10764 | D:11     | Found a staircase to the Lair.
 10855 | D:12     | Noticed Kirke
 10895 | D:12     | Reached skill level 10 in Armour
 11080 | D:12     | Slain by a lindwurm

Illustrated notes

Levels and vault maps discovered:
D:1:      dpeg_arrival_arbitrary_a, layout_basic, serial_shops,
          nicolae_shop_behind_doors, minivault_27
D:2:      layout_loops_corners
D:3:      layout_loops_corners, nicolae_overflow_ecumenical_swirl,
          ebering_ecumenical_altar_box
D:4:      layout_rooms, amcnicky_altar_gilded, minmay_temple_entry_purple_smoke
D:5:      lemuel_insect_pit, layout_loops_ring
D:6:      layout_basic, ebering_ghost_inner_flame, minivault_4, uniq_pikel
D:7:      minmay_the_grid_octo_tiled_octocenter
          [minmay_the_grid_octo_thin_diamonds,
          minmay_the_grid_octo_vomiting_pacman, minmay_the_grid_octo_chip,
          minmay_the_grid_octo_odd_swirl, minmay_the_grid_octo_prize_star,
          minmay_the_grid_square_5x5_minimal,
          minmay_the_grid_square_5x5_longway,
          minmay_the_grid_square_5x5_doubleslash,
          minmay_the_grid_square_5x5_two_walls_a], layout_gridville,
          nicolae_ru_the_path_less_chosen,
          mainiacjoe_overflow_concentric_impassable,
          nicolae_overflow_hidden_temple, nicolae_vehumet_altar_sigil,
          nicolae_ossuary_entry_ruins
D:8:      kennysheep_spiral_hall, layout_basic, special_room [special_room_orc],
          nicolae_straight_to_the_point
D:9:      layout_basic, mainiacjoe_overflow_catwalk, grunt_temple_overflow_open,
          hangedman_feature_mirror, uniq_psyche, uniq_jeremiah
D:10:     layout_loops_ring, zin_angel, orc_0_dummy, serial_aquarium,
          aquarium_bridge_square [aquarium_subvault_window,
          aquarium_subvault_window, aquarium_subvault_bridge,
          aquarium_subvault_bridge], aquarium_window_1, aquarium_window_fake,
          aquarium_window_1, aquarium_window_2, aquarium_view_2c,
          aquarium_balcony_3a
D:11:     layout_cave_pools, dpeg_oklobed_lair, maelrawn_ghost_gauntlet_escape
D:12:     layout_roguey [special_room_orc], serial_shops,
          nicolae_lakefront_shop, nicolae_tricolors, uniq_kirke
Temple:   chequers_temple_sunken

Skill      XL: |  1  2  3  4  5  6  7  8  9 10 11 12 |
---------------+-------------------------------------+-----
Maces & Flails | 3 4 5 6 9 |  9.0
Fighting       | 4 5 6 7 9 11 12 13 | 13.5
Armour         | 5 7 10 | 10.5
Evocations     | 3 6 9 |  9.1
Dodging        | 3 6 |  6.4
Shields        | |  3.2

Action                     |  1- 3 |  4- 6 |  7- 9 | 10-12 || total
---------------------------+-------+-------+-------+-------++-------
  Melee: Flail             |   139 |    55 |   153 |   541 ||   888
         Unarmed           |       |       |       |     9 ||     9
  Throw: Dart              |       |       |       |     6 ||     6
  Evoke: Wand              |       |       |       |     6 ||     6
    Use: Potion            |     5 |     2 |       |     6 ||    13
         Scroll            |     3 |     4 |     6 |     6 ||    19
   Stab: Distracted        |       |       |     1 |     1 ||     2
 Armour: Scale mail        |   100 |    85 |   141 |       ||   326
         Chain mail        |       |       |    75 |   735 ||   810
         Skin              |       |       |       |    16 ||    16
  Dodge: Dodged            |    76 |    43 |   125 |   362 ||   606
  Block: Buckler           |    21 |    24 |    42 |   161 ||   248

Table legend: (Time is in decaauts)
 A = Elapsed time spent in this place.
 B = Non-inter-level travel time spent in this place.
 C = Inter-level travel time spent in this place.
 D = Time resting spent in this place.
 E = Time spent auto-exploring this place.
 F = Levels seen in this place.
 G = Mean time per level.
                   A        B        C        D        E       F      G
               +--------+--------+--------+--------+--------+-----+--------+
         Total |  11550 |  10619 |    931 |    909 |   7252 |  18 |  641.7 |
       Dungeon |  11258 |  10364 |    894 |    766 |   7252 |  12 |  938.2 |
        Temple |     37 |      1 |     36 |      0 |      0 |   1 |   37.0 |
         Abyss |    254 |    254 |      0 |    143 |      0 |   5 |   50.8 |
               +--------+--------+--------+--------+--------+-----+--------+

Top non-repeatable levels by time:
     D:7: 1338 daAuts
     D:1: 1325 daAuts
     D:6: 1195 daAuts
    D:10: 1188 daAuts
     D:9: 1047 daAuts
     D:3: 992 daAuts
     D:8: 991 daAuts
     D:5: 969 daAuts
     D:2: 882 daAuts
     D:4: 512 daAuts
    D:11: 500 daAuts
    D:12: 313 daAuts
 Abyss:2: 158 daAuts
  Temple: 37 daAuts
 Abyss:3: 35 daAuts
